 Dungeon Crawl Stone Soup version 0.31-a0-851-g7ff8af7976 (webtiles) character file.

Game seed: 11125001541025221289

21796 BinkBink the Protected (level 12, -12/106 (115) HPs)
             Began as a Minotaur Fighter on Oct 7, 2023.
             Was a High Priest of Qazlal.
             Mangled by an orc knight
             ... wielding a +3 great mace of draining
              (18 damage)
             ... on level 1 of the Orcish Mines.
             The game lasted 00:17:26 (11279 turns).

BinkBink the Protected (Minotaur Fighter)          Turns: 11279, Time: 00:17:26

HP:   -12/106 (115) AC: 42    Str: 28      XL:     12   Next: 57%
MP:   11/11         EV:  6    Int:  0 (5)  God:    Qazlal [*****.]
Gold: 1592          SH: 27    Dex: 12      Spells: 11/11 levels left

rFire   . . .        b - +7 scimitar (spect)
rCold   . . .        P - +3 tower shield {AC+3}
rNeg    + . .        y - +12 plate armour of Tiafevim {Will- Str+2 Dex+2}
rPois   .            c - +1 hat
rElec   .            (no cloak)
rCorr   .            r - +2 pair of gloves
SInv    .            M - +2 pair of boots {Fly}
Will    .....        (no amulet) Stlth
                     a - ring of willpower
HPRegen 0.37/turn    L - ring of positive energy
MPRegen 0.12/turn

%: repel missiles
@: protected from physical damage, flying, slowed, lost intelligence, drained,
unable to read, very slow
A: horns 2, retaliatory headbutt
a: Renounce Religion, Upheaval, Elemental Force, Disaster Area


You were on level 1 of the Orcish Mines.
You worshipped Qazlal.
Qazlal was extremely pleased with you.
You visited 3 branches of the dungeon, and saw 16 of its levels.

You collected 1592 gold pieces.

Inventory:

Hand Weapons
 b - a +7 spectral scimitar (weapon)
 G - the +7 hand cannon "Mule" {flame, backblast, rF+}
   (You found it on level 6 of the Dungeon)

   rF+:       It protects you from fire.
Armour
 c - a +1 hat (worn)
 r - a +2 pair of gloves (worn)
 y - the +12 plate armour of Tiafevim (worn) {Will- Str+2 Dex+2}
   (You found it on level 4 of the Dungeon)

   Str+2:     It affects your strength (+2).
   Dex+2:     It affects your dexterity (+2).
   Will-:     It decreases your willpower.
 M - a +2 pair of boots of flying (worn)
 P - a +3 tower shield of protection (worn)
Jewellery
 a - a ring of willpower (left hand)
 e - a ring of flight
 H - a ring of fire
 L - a ring of positive energy (right hand)
Wands
 n - a wand of roots (33)
 t - a wand of flame (31)
 w - a wand of charming (18)
 I - a wand of polymorph (7)
 J - a wand of quicksilver (7)
Scrolls
 f - 3 scrolls of silence
 g - 3 scrolls of amnesia
 h - 5 scrolls of immolation
 i - 13 scrolls of teleportation
 k - 3 scrolls of fear
 p - 2 scrolls of blinking
 A - 4 scrolls of fog
 F - a scroll of poison
 Q - a scroll of torment
Potions
 d - 3 potions of might
 l - a potion of brilliance {unknown}
 m - 2 potions of magic {unknown}
 q - 8 potions of curing
 s - a potion of heal wounds {unknown}
 u - a potion of cancellation
 v - a potion of degeneration {unknown}
 x - 2 potions of invisibility
 z - 2 potions of enlightenment
 B - a potion of attraction {unknown}
 C - a potion of berserk rage {unknown}
 D - 3 potions of mutation
 E - a potion of ambrosia {unknown}
 K - a potion of haste {unknown}


   Skills:
 + Level 13.2 Fighting
 + Level 12.9 Long Blades
 + Level 13.2 Armour
 + Level 13.1 Shields


You had 11 spell levels left.
You didn't know any spells.
Your spell library contained the following spells:

 Spells                   Type           Power      Damage    Failure   Level
 Foxfire                  Conj/Fire      0%         2x1d4     100%        1
 Kiss of Death            Conj/Necr      0%         2d5       100%        1
 Ensorcelled Hibernation  Hex/Ice        0%         N/A       100%        2
 Jinxbite                 Hex            0%         N/A       100%        2
 Lesser Beckoning         Tloc           0%         N/A       100%        2
 Confusing Touch          Hex            0%         N/A       100%        3
 Frozen Ramparts          Ice            0%         1d1       100%        3
 Gell's Gravitas          Tloc           0%         N/A       100%        3
 Teleport Other           Tloc           0%         N/A       100%        3
 Tukima's Dance           Hex            0%         N/A       100%        3
 Anguish                  Hex/Necr       0%         N/A       100%        4
 Dimensional Bullseye     Hex/Tloc       0%         N/A       100%        4
 Dispel Undead            Necr           0%         3d6       100%        4
 Iskenderun's Mystic Bla  Conj/Tloc      0%         2d3       100%        4
 Manifold Assault         Tloc           0%         N/A       100%        4
 Petrify                  Tmut/Erth      0%         N/A       100%        4
 Metabolic Englaciation   Hex/Ice        0%         N/A       100%        5
 Dispersal                Tloc           0%         N/A       100%        6
 Plasma Beam              Fire/Air       0%         2x1d10    100%        6
 Starburst                Conj/Fire      0%         6d3       100%        6
 Disjunction              Tloc           0%         N/A       100%        8


Dungeon Overview and Level Annotations

Branches:
Dungeon (13/15)            Temple (1/1) D:7            Lair (0/5) D:11
    Orc (2/2) D:12            Elf (0/3) Orc:2
 Vaults: D:13-14

Altars:
Ashenzari
Cheibriados
Dithmenos
Elyvilon
Fedhas
Gozag
Hepliaklqana
Kikubaaqudgha
Makhleb
Nemelex Xobeh
Okawaru
Qazlal
Ru
Sif Muna
Trog
Uskayaw
Vehumet
Wu Jian
Xom
Yredelemnul
Zin
The Shining One

Shops:
D:2 [


Innate Abilities, Weirdness & Mutations

You have a pair of horns on your head.
You reflexively headbutt those who attack you in melee.


Message History

The orc knight hits you with a +2 dire flail of protection!
You feel protected from physical attacks.
The orc barely misses you. You furiously retaliate!
You headbutt the orc.
You kill the orc!
Qazlal accepts your kill.
Your +7 spectral scimitar is engulfed in freezing vapours.
You slash the orc knight!
The orc knight is severely wounded.
Your +7 spectral scimitar hits the orc knight.
Your +7 spectral scimitar is engulfed in freezing vapours. x2
You block the orc knight's attack.
Your +7 spectral scimitar is engulfed in freezing vapours.
You block the orc knight's attack. x2
The orc knight hits you with a +3 great mace of draining!!
You partially resist.
You feel drained.
You hit the orc knight but do no damage.
Your headbutt misses the orc knight.
The orc knight is almost dead.
Your +7 spectral scimitar hits the orc knight but does no damage.
You block the orc knight's attack.
The orc knight hits you with a +3 great mace of draining!!!
* * * LOW HITPOINT WARNING * * *
You partially resist.
You feel drained.
* * * LOW HITPOINT WARNING * * *
Okay, then.
You cannot read scrolls in your current state!
You feel better.
Your +7 spectral scimitar disappears.
The orc knight no longer looks unusually strong.
You block the orc knight's attack.
The orc knight roars a battlecry!
The orc knight goes into a battle-frenzy!
The orc knight hits you with a +2 dire flail of protection!!
* * * LOW HITPOINT WARNING * * *
The orc knight barely misses you.
It was a potion of cancellation.
You feel magically purged.
The orc knight is engulfed in blazing flames.
You block the orc knight's attack.
The orc knight hits you with a +3 great mace of draining!!
You die...

#........# #.#..
####...##...## ###....
##......#.....####......
#......####.....#.#....#
##.#....#....######.....
####.......## ##....
#....°..# #....
#.o§[...# ##...
##°@o..## ###. ##.#.##
#. ##### ## #


You could see 2 orc knights.

Vanquished Creatures
  Snorg (Orc:1)
  An ettin (Orc:1)
  3 two-headed ogres
  A boulder beetle (D:12)
  An orc high priest (Orc:1)
  5 orc knights
  A deep elf pyromancer (D:12)
  2 orc sorcerers (Orc:1)
  A cyclops (D:11)
  7 slime creatures
  A black mamba (shapeshifter) (D:12)
  Joseph (D:8)
  Maggie (D:7)
  An unseen horror (D:12)
  A komodo dragon (D:11)
  7 trolls
  A spriggan (D:8)
  2 wraiths
  2 shadows (D:12)
  5 yaks
  6 vampire mosquitoes
  3 wargs
  2 water moccasins (D:6)
  3 black bears (D:11)
  23 orc warriors
  An ogre (D:5)
  3 sky beasts
  A centaur (D:9)
  2 kobold brigands
  A phantom (D:12)
  6 scorpions
  6 bullfrogs
  2 troll zombies (D:12)
  7 wights
  8 howler monkeys
  4 hounds
  22 orc priests
  2 jellies
  2 gnoll boudas
  Jessica (D:2)
  A sleepcap (D:7)
  2 iguanas (D:5)
  13 orc wizards
  6 ogre zombies (D:12)
  16 gnolls
  9 adders
  2 shadow imps
  2 white imps
  3 worms
  2 dart slugs
  62 orcs
  3 ball pythons
  3 bats
  3 endoplasms
  4 giant cockroaches
  4 goblins
  4 hobgoblins
  16 kobolds
  4 quokkas
  A frilled lizard (D:1)
  2 goblin zombies (D:12)
  3 hobgoblin skeletons (D:12)
  3 hobgoblin zombies (D:12)
  6 orc skeletons (D:12)
  11 orc zombies (D:12)
  5 rats
340 creatures vanquished.

Vanquished Creatures (others)
  2 orc wizards
  5 spectral weapons
7 creatures vanquished.

Grand Total: 347 creatures vanquished

Notes
Turn   | Place    | Note
-------+----------+-------------------------------------------
     0 | D:1      | BinkBink the Minotaur Fighter began the quest for the Orb.
     0 | D:1      | Reached XP level 1. HP: 19/19 MP: 0/0
   210 | D:1      | Reached XP level 2. HP: 27/27 MP: 1/1
   666 | D:2      | Noticed Jessica
   672 | D:2      | Killed Jessica
   673 | D:2      | Reached XP level 3. HP: 33/33 MP: 2/2
   858 | D:2      | Found Wefuxzuff's Antique Armour Emporium.
  1067 | D:2      | Reached XP level 4. HP: 30/41 MP: 3/3
  2742 | D:4      | Reached XP level 5. HP: 30/47 MP: 4/4
  2748 | D:4      | Found a hide-covered altar of Uskayaw.
  2931 | D:4      | Found a blossoming altar of Fedhas.
  2947 | D:4      | Found a basalt altar of Yredelemnul.
  2985 | D:4      | Identified the +12 plate armour of Tiafevim {Will- Str+2
                  | Dex+2}
  3311 | D:4      | Reached skill level 5 in Fighting
  3311 | D:4      | Reached skill level 5 in Armour
  3311 | D:4      | Reached skill level 5 in Shields
  3320 | D:4      | Found a hazy altar of Hepliaklqana.
  3347 | D:4      | Found a shadowy altar of Dithmenos.
  3347 | D:4      | Found a radiant altar of Vehumet.
  3347 | D:4      | Found a snail-covered altar of Cheibriados.
  3366 | D:5      | Entered Level 5 of the Dungeon
  3417 | D:5      | Reached XP level 6. HP: 53/56 MP: 5/5
  3605 | D:5      | Found a shimmering blue altar of Sif Muna.
  3850 | D:5      | Reached skill level 5 in Long Blades
  3850 | D:5      | Reached XP level 7. HP: 58/62 MP: 6/6
  4223 | D:6      | Reached XP level 8. HP: 71/71 MP: 7/7
  4370 | D:6      | Found the +7 hand cannon "Mule" {flame, backblast, rF+}
  4954 | D:7      | Noticed Maggie
  4967 | D:7      | Killed Maggie
  5107 | D:7      | Found a staircase to the Ecumenical Temple.
  5116 | Temple   | Entered the Ecumenical Temple
  5210 | Temple   | Became a worshipper of Qazlal Stormbringer
  5596 | D:8      | Reached XP level 9. HP: 79/81 MP: 8/8
  5790 | D:8      | Noticed Joseph
  5822 | D:8      | Killed Joseph
  5919 | D:8      | Reached * piety under Qazlal
  7075 | D:10     | Entered Level 10 of the Dungeon
  7089 | D:10     | Noticed a two-headed ogre
  7096 | D:10     | Killed a two-headed ogre
  7097 | D:10     | Reached XP level 10. HP: 64/91 MP: 9/9
  7488 | D:10     | Found a burning altar of Makhleb.
  7748 | D:11     | Reached skill level 10 in Fighting
  7748 | D:11     | Reached skill level 10 in Armour
  7748 | D:11     | Reached skill level 10 in Shields
  7760 | D:11     | Found a staircase to the Lair.
  7766 | D:11     | Reached ** piety under Qazlal
  7779 | D:11     | Reached skill level 10 in Long Blades
  7890 | D:11     | Noticed a two-headed ogre
  7890 | D:11     | Noticed a cyclops
  7902 | D:11     | Killed a two-headed ogre
  7909 | D:11     | Killed a cyclops
  8161 | D:12     | Noticed a black mamba
  8161 | D:12     | Found a staircase to the Orcish Mines.
  8193 | D:12     | Reached XP level 11. HP: 85/101 MP: 10/10
  8214 | D:12     | Reached *** piety under Qazlal
  8544 | D:12     | Noticed a deep elf pyromancer
  8556 | D:12     | Killed a deep elf pyromancer
  8572 | D:12     | Noticed a boulder beetle
  8575 | D:12     | Noticed a two-headed ogre
  8879 | D:11     | Killed a two-headed ogre
  8918 | D:12     | Killed a boulder beetle
  9330 | D:13     | Noticed a red ugly thing
  9330 | D:13     | Noticed a centaur warrior
  9367 | Orc:1    | Entered Level 1 of the Orcish Mines
  9372 | Orc:1    | Noticed an orc sorcerer
  9377 | Orc:1    | Killed an orc sorcerer
  9459 | Orc:1    | Noticed an orc sorcerer
  9462 | Orc:1    | Reached **** piety under Qazlal
  9471 | Orc:1    | Noticed a sun demon
  9700 | Orc:1    | Paralysed by an orc sorcerer for 5 turns
  9707 | Orc:1    | Killed an orc sorcerer
  9846 | Orc:1    | Noticed an ettin
  9853 | Orc:1    | Killed an ettin
  9854 | Orc:1    | Reached XP level 12. HP: 98/112 MP: 11/11
  9968 | Orc:1    | Noticed Snorg
  9974 | Orc:1    | Killed Snorg
 10062 | Orc:2    | Entered Level 2 of the Orcish Mines
 10225 | Orc:2    | Reached ***** piety under Qazlal
 10357 | Orc:2    | Found a staircase to the Elven Halls.
 11112 | Orc:2    | Noticed an orc high priest
 11117 | Orc:2    | Noticed an orc high priest
 11124 | Orc:2    | Noticed an orc high priest
 11177 | Orc:2    | Lost intelligence.
 11186 | Orc:1    | Killed an orc high priest
 11278 | Orc:1    | HP: 5/106 [orc knight/+2 dire flail of protection (20)]
 11279 | Orc:1    | Mangled by an orc knight

Illustrated notes

Levels and vault maps discovered:
D:1:      pf_arrival_petrified_forest, layout_rooms, minmay_misc_feat_pillars,
          kennysheep_small_spiral
D:2:      layout_basic, serial_shops, nicolae_shop_tiny_waterfront,
          serial_forest, infiniplex_forest_clump_C, infiniplex_forest_end_1,
          infiniplex_forest_lined_1, infiniplex_forest_fountain,
          infiniplex_forest_clump_tiny, infiniplex_forest_lined_3,
          infiniplex_forest_split, infiniplex_forest_join, uniq_jessica
D:3:      layout_loops_corners
D:4:      layout_cave_pools, mainiacjoe_overflow_catwalk,
          gammafunk_temple_overflow_forgotten, grunt_temple_overflow_open,
          general_overflow_altar
D:5:      layout_loops_cross, mainiacjoe_overflow_cross_hatched
D:6:      layout_basic, st_stairs_10, solitary_fountain
D:7:      layout_loops_ring, minmay_temple_entry_purple_smoke, uniq_maggie
D:8:      layout_rooms, the_hattery, uniq_joseph
D:9:      layout_stronghold
D:10:     layout_big_octagon, overflow_temple_1_default
D:11:     layout_roguey, due_lair_maze_entry_diamond
D:12:     layout_rooms, zombieorc2_lemuel
D:13:     layout_cave_pools, david_vaults_2, uniq_erolcha, uniq_frances
Temple:   oiseaux_autumnal_temple
Orc:1:    layout_diamond_mine, uniq_snorg
Orc:2:    st_orc_pillars, layout_caves, basic_altar

Skill      XL: |  1  2  3  4  5  6  7  8  9 10 11 12 |
---------------+-------------------------------------+-----
Fighting       | 4 5 6 8 9 10 12 13 | 13.2
Long Blades    | 3 4 5 6 7 9 10 12 | 12.9
Armour         | 4 5 6 7 9 10 12 13 | 13.2
Shields        | 4 5 6 8 9 10 12 13 | 13.1

Action                     |  1- 3 |  4- 6 |  7- 9 | 10-12 || total
---------------------------+-------+-------+-------+-------++-------
  Melee: Long sword        |    54 |   167 |    11 |       ||   232
         Headbutt          |     7 |    32 |    40 |    97 ||   176
         Scimitar          |       |       |   194 |   426 ||   620
    Use: Scroll            |       |       |    14 |     9 ||    23
         Potion            |       |       |       |     5 ||     5
   Stab: Distracted        |       |       |     1 |     5 ||     6
 Armour: Scale mail        |    40 |    66 |       |       ||   106
         Plate armour      |       |    46 |   137 |   212 ||   395
  Dodge: Dodged            |    27 |    29 |    54 |    67 ||   177
  Block: Buckler           |     3 |       |       |       ||     3
         Kite shield       |    15 |    66 |   104 |   183 ||   368
         Tower shield      |       |       |       |   213 ||   213

Table legend: (Time is in decaauts)
 A = Elapsed time spent in this place.
 B = Non-inter-level travel time spent in this place.
 C = Inter-level travel time spent in this place.
 D = Time resting spent in this place.
 E = Time spent auto-exploring this place.
 F = Levels seen in this place.
 G = Mean time per level.
                   A        B        C        D        E       F      G
               +--------+--------+--------+--------+--------+-----+--------+
         Total |  11415 |  10908 |    507 |     15 |   8935 |  16 |  713.4 |
       Dungeon |   9547 |   9196 |    351 |     15 |   7645 |  13 |  734.4 |
        Temple |    112 |      2 |    110 |      0 |      0 |   1 |  112.0 |
  Orcish Mines |   1755 |   1710 |     45 |      0 |   1290 |   2 |  877.5 |
               +--------+--------+--------+--------+--------+-----+--------+

Top non-repeatable levels by time:
     D:3: 1140 daAuts
     D:2: 1054 daAuts
   Orc:1: 1017 daAuts
    D:12: 911 daAuts
     D:9: 882 daAuts
     D:6: 858 daAuts
    D:11: 823 daAuts
    D:10: 748 daAuts
   Orc:2: 738 daAuts
     D:5: 679 daAuts
     D:1: 670 daAuts
     D:8: 613 daAuts
     D:7: 602 daAuts
     D:4: 559 daAuts
  Temple: 112 daAuts
